AoeStats
← CrazyBen

Pilgrims

508630633Analyzed
4v4 RM · 9d ago on Sep 23, 2026· 25m 43s· 8 players
Game mode
Random Map
Map size
Large (8 player)
Population
200
Speed
Normal
Resources
Standard
Victory
Conquest
Starting age
Dark Age
Ending age
Imperial Age
RankedLock teamsTeams togetherTeam positionsShared explorationLock speedFull tech treeHidden civsTurbo modeCheats
Victory
Defeat
🇯🇵 Bohemians · Japan
1772
+5
🇻🇳 Magyars · Vietnam
1741
+6
🇨🇳 Lithuanians · China
1691
+8
🇧🇪 Wu · Belgium
1626
+9
🇫🇷 Saracens · France
1527
-8
🇧🇪 Portuguese · Belgium
1523
-8
🇨🇳 Slavs · China
1466
-6
🇬🇧 Japanese · United Kingdom
1433
-6
jijiojojo
10:21 Loom
12:19 Feudal Age
10:37 Loom
13:11 Double-Bit Axe
13:08 Fishing Lines
16:07 Castle Age
15:01 Gold Mining
16:21 Bloodlines
17:03 Wheelbarrow
16:38 Scale Barding Armor
17:11 Forging
18:19 Chain Barding Armor
19:38 Husbandry
20:02 Forging
19:43 Fletching
21:06 Bow Saw
22:21 Gillnets
23:47 Light Cavalry
JINX
5:25 Loom
10:03 Feudal Age
11:11 Double-Bit Axe
13:00 Wheelbarrow
13:58 Fishing Lines
14:41 Town Watch
22:06 Castle Age
20:46 Fletching
23:19 Hand Cart
23:55 Bow Saw
23:36 Demolition Ship
NeeNee
4:33 Loom
10:51 Feudal Age
15:05 Castle Age
13:32 Double-Bit Axe
14:48 Fishing Lines
15:34 Town Watch
16:01 Bow Saw
17:16 Wheelbarrow
16:57 Medium Warships
19:26 Horse Collar
23:07 Imperial Age
21:25 Fletching
21:50 Gillnets
25:14 Chemistry
25:17 Heavy Plow
25:51 Fervor
81danchoi
7:15 Loom
10:20 Feudal Age
17:24 Castle Age
15:52 Double-Bit Axe
18:16 Medium Warships
18:02 Fishing Lines
19:04 Bow Saw
22:42 Town Watch
23:52 Gold Mining
23:53 Stone Mining
26:08 Gold Shaft Mining
Cufufalating
8:45 Loom
11:09 Feudal Age
12:15 Double-Bit Axe
18:58 Castle Age
20:49 Medium Warships
21:26 Wheelbarrow
25:19 Forging
JanVerplanken
10:16 Feudal Age
14:07 Castle Age
12:38 Stone Mining
13:12 Loom
14:42 Fletching
16:00 Double-Bit Axe
19:03 Horse Collar
20:34 Wheelbarrow
24:20 Imperial Age
CrazyBen
3:40 Loom
12:38 Feudal Age
16:21 Castle Age
14:12 Double-Bit Axe
17:37 Bow Saw
'Rhythm_' = idiot
9:49 Feudal Age
10:27 Double-Bit Axe
11:14 Loom
13:38 Town Watch
19:01 Castle Age
19:21 Forging
19:54 Medium Warships
Connection lost

Rejoining the realm…

Still unreachable

The connection could not be restored.

Session expired

The server has moved on; the page needs a fresh start.